 Dungeon Crawl Stone Soup version 0.24-a0-439-g6dd8730de2 (webtiles) character file.

Game seed: 1778861329744221156

11382 theanonym the Carver (level 11, -4/76 HPs)
             Began as a Mummy Warper on June 18, 2019.
             Was a High Priest of Okawaru.
             Slain by an orc knight
             ... wielding a +0 war axe
              (13 damage)
             ... on level 10 of the Dungeon.
             The game lasted 00:17:26 (11158 turns).

theanonym the Carver (Mummy Warper)                Turns: 11158, Time: 00:17:27

Health: -4/76      AC: 21    Str: 17    XL:     11   Next: 48%
Magic:  15/15      EV:  8    Int: 12    God:    Okawaru [*****.]
Gold:   585        SH:  5    Dex: 13    Spells: 15/15 levels left

rFire    x . .     SeeInvis .   a - +8 scimitar (flame)
rCold    + . .     Gourm    .   (no shield)
rNeg     + + +     Faith    .   s - +0 plate armour
rPois    ∞         Spirit   .   (no helmet)
rElec    .         Reflect  +   k - +1 cloak
rCorr    .         Harm     .   o - +0 pair of gloves
MR       +....                  g - +2 pair of boots {run}
Stlth    ..........             h - +5 amulet of reflection
HPRegen  0.22/turn              (no ring)
MPRegen  0.14/turn              i - ring of flight

@: heroism, quick
A: no food or potions, fire vulnerability, cold resistance 1, negative energy
resistance 3, torment resistance, unbreathing
a: Heroism, Finesse, Renounce Religion, Evoke Flight


Innate Abilities, Weirdness & Mutations

You do not eat or drink.
Your flesh is vulnerable to fire.
You are immune to poison.
Your flesh is cold resistant. (rC+)
You are immune to negative energy. (rN+++)
You are immune to unholy pain and torment.
You can survive without breathing.


   Skills:
 + Level 3.7(8.7) Fighting
 + Level 13.5(18.5) Long Blades
 - Level 0.7(5.7) Throwing
 * Level 3.7(8.7) Armour
 - Level 1.5(6.5) Dodging
 - Level 2.6 Spellcasting
   Level 2.4 Translocations
 - Level 5.0 Invocations


You had 15 spell levels left.
You didn't know any spells.
Your spell library contained the following spells:

 Spells                   Type           Power        Failure   Level  Hunger
 Blink                    Tloc           N/A          99%         2    N/A
 Confusing Touch          Hex            #.....       100%        1    N/A
 Shroud of Golubria       Chrm/Tloc      #.....       100%        2    N/A
 Confuse                  Hex            #.......     100%        3    N/A
 Gell's Gravitas          Tloc           #.........   100%        3    N/A
 Lesser Beckoning         Tloc           #.........   100%        3    N/A
 Recall                   Summ/Tloc      N/A          100%        3    N/A
 Teleport Other           Tloc           #.......     100%        3    N/A
 Passage of Golubria      Tloc           N/A          100%        4    N/A
 Petrify                  Tmut/Erth      #.......     100%        4    N/A
 Aura of Abjuration       Summ           #.........   100%        5    N/A
 Metabolic Englaciation   Hex/Ice        #.........   100%        5    N/A
 Summon Demon             Summ           #.........   100%        5    N/A
 Summon Forest            Summ/Tloc      #.........   100%        5    N/A
 Summon Mana Viper        Hex/Summ       #.......     100%        5    N/A
 Yara's Violent Unravell  Hex/Tmut       #.........   100%        5    N/A
 Shadow Creatures         Summ           N/A          100%        6    N/A

Skill      XL: |  1  2  3  4  5  6  7  8  9 10 11 |
---------------+----------------------------------+-----
Long Blades    | 2 3 4 5 6 8 10 11 13 | 13.5
Invocations    | 4 5 |  5.0
Armour         | 3 |  3.7
Fighting       | 3 |  3.7
Throwing       | |  0.7
Dodging        | |  1.5
Spellcasting   | |  2.6
Translocations | |  2.4

Action                   |  1- 3 |  4- 6 |  7- 9 | 10-12 || total
-------------------------+-------+-------+-------+-------++-------
Melee: Falchion          |   101 |   213 |   637 |   291 ||  1242
       Punch             |       |       |       |     1 ||     1
       Scimitar          |       |       |       |   139 ||   139
Throw: Boomerang         |       |       |     5 |       ||     5
Invok: Heroism           |       |       |       |     6 ||     6
Evoke: Wand              |       |       |     2 |    11 ||    13
       Lamp of fire      |       |       |       |     1 ||     1
       Lightning rod     |       |       |       |     2 ||     2
  Use: Scroll            |     2 |     7 |     4 |     5 ||    18
Armor: Leather armour    |    15 |       |       |       ||    15
       Ring mail         |    48 |    70 |       |       ||   118
       Chain mail        |       |    30 |   235 |       ||   265
       Plate armour      |       |       |   126 |   236 ||   362
Dodge: Dodged            |    85 |   137 |   207 |    77 ||   506
Block: Other             |       |       |    95 |    93 ||   188
       Reflection        |       |       |     4 |    18 ||    22
       Rpst.: Falchion   |    32 |    54 |    60 |     9 ||   155
       Scimitar          |       |       |       |     4 ||     4

Inventory:

Hand Weapons
 a - a +8 scimitar of flaming (weapon)
Missiles
 l - 72 boomerangs (quivered)
Armour
 g - a +2 pair of boots of running (worn)
 k - a +1 cloak (worn)
 o - a +0 pair of gloves (worn)
 s - a +0 plate armour (worn)
Jewellery
 h - a +5 amulet of reflection (around neck)
 i - a ring of flight (right hand)
 j - an uncursed ring of fire
Wands
 e - a wand of disintegration (12)
 f - a wand of polymorph (8)
 w - a wand of flame (32)
Scrolls
 n - 7 scrolls of remove curse
 r - 3 scrolls of identify
 t - 8 scrolls of teleportation
 y - 3 scrolls of magic mapping
 B - 2 scrolls of blinking
Miscellaneous
 b - a lightning rod (2/4)
 p - a fan of gales
 q - a lamp of fire (inert)


You were on level 10 of the Dungeon.
You worshipped Okawaru.
Okawaru was extremely pleased with you.
You were not hungry.

You visited 2 branches of the dungeon, and saw 11 of its levels.
You also visited: Sewer and Bailey.

You collected 585 gold pieces.

Dungeon Overview and Level Annotations

Branches:
Dungeon (10/15)            Temple (1/1) D:6            Lair (0/6) D:10
    Orc: D:9-12

Altars:
Ashenzari
Cheibriados
Dithmenos
Elyvilon
Fedhas
Gozag
Hepliaklqana
Kikubaaqudgha
Makhleb
Nemelex Xobeh
Okawaru
Qazlal
Ru
Sif Muna
Trog
Uskayaw
Vehumet
Wu Jian
Xom
Yredelemnul
Zin
The Shining One

Annotations:
D:9 2 runed translucent doors

.....#######...#.....)... ....#
#...#.†)[#.... #...#
#...÷)†..##... #...#
#...#....###.. #...#
#...#......##. #.(.#
#...#......### #.(.#
#...#..#######
########.†.#######...#..#......
.........))))o@......#..#......
.....)....######.....#..#.>....
.......)..# #.....####......
..........# #...............
..........# #....!..........
..........# #....#####......
..........# #....# +......
..........######....# #......
....................# #......


You could see an orc knight.

Notes
Turn   | Place    | Note
-------+----------+-------------------------------------------
     0 | D:1      | theanonym the Mummy Warper began the quest for the Orb.
     0 | D:1      | Reached XP level 1. HP: 16/16 MP: 4/4
   104 | D:1      | Reached skill level 2 in Long Blades
   286 | D:1      | Reached XP level 2. HP: 16/22 MP: 5/5
   659 | D:1      | Identified a +2 pair of boots of running (You found it on
                  | level 1 of the Dungeon)
   716 | D:2      | Reached skill level 3 in Long Blades
   716 | D:2      | Reached XP level 3. HP: 23/27 MP: 7/7
   728 | D:2      | HP: 12/27 [goblin (2)]
   734 | D:2      | HP: 10/27 [goblin (2)]
   739 | D:2      | HP: 7/27 [bat (1)]
  1123 | D:2      | Reached XP level 4. HP: 23/33 MP: 8/8
  1535 | D:3      | Reached skill level 4 in Long Blades
  1543 | D:3      | HP: 14/33 [gnoll/+0 club (6)]
  1755 | D:3      | HP: 15/33 [orc priest/divine providence (14)]
  1758 | D:3      | HP: 2/33 [orc priest/divine providence (13)]
  1759 | D:3      | Reached XP level 5. HP: 3/38 MP: 9/9
  2122 | D:3      | Reached skill level 5 in Long Blades
  2166 | D:3      | Found a glowing drain.
  2178 | Sewer    | Entered a sewer
  2440 | Sewer    | Reached XP level 6. HP: 34/44 MP: 10/10
  2912 | D:3      | Reached skill level 6 in Long Blades
  3374 | D:4      | Noticed a slave
  3388 | D:4      | Killed a slave
  3414 | D:4      | Noticed Pikel
  3440 | D:4      | Noticed a slave
  3440 | D:4      | Noticed a slave
  3440 | D:4      | Noticed a slave
  3464 | D:3      | Reached XP level 7. HP: 46/50 MP: 11/11
  3724 | D:3      | Killed Pikel
  3724 | D:3      | Reached skill level 8 in Long Blades
  3724 | D:3      | Reached XP level 8. HP: 31/56 MP: 12/12
  3928 | D:4      | HP: 26/56 [gnoll shaman/+0 whip (7)]
  3933 | D:4      | HP: 23/56 [gnoll shaman/+0 whip (1)]
  4501 | D:5      | Entered Level 5 of the Dungeon
  4748 | D:5      | Reached skill level 9 in Long Blades
  5218 | D:6      | Found a staircase to the Ecumenical Temple.
  5225 | Temple   | Entered the Ecumenical Temple
  5475 | Temple   | Became a worshipper of Warmaster Okawaru
  5852 | D:6      | Reached skill level 10 in Long Blades
  5856 | D:6      | Reached XP level 9. HP: 43/61 MP: 13/13
  5866 | D:6      | Reached * piety under Okawaru
  6057 | D:6      | HP: 29/61 [orc warrior/+0 flail (5)]
  6062 | D:6      | HP: 20/61 [orc warrior/+0 flail (9)]
  6293 | D:6      | Found a shimmering altar of Xom.
  6373 | D:6      | Found a basalt altar of Yredelemnul.
  6490 | D:7      | HP: 26/61 [crocodile (12)]
  6693 | D:7      | Reached skill level 1 in Invocations
  6705 | D:7      | Noticed a two-headed ogre
  6763 | D:7      | Reached skill level 2 in Invocations
  6952 | D:7      | Found a shattered altar of Ashenzari.
  6970 | D:7      | Reached skill level 3 in Invocations
  7173 | D:7      | Found a stormy altar of Qazlal.
  7228 | D:7      | HP: 30/61 [black bear (4)]
  7446 | D:7      | Reached ** piety under Okawaru
  7446 | D:7      | Reached skill level 4 in Invocations
  7476 | D:7      | Reached skill level 11 in Long Blades
  7526 | D:7      | Noticed a cyclops
  7555 | D:7      | HP: 21/61 [cyclops (24)]
  7559 | D:7      | Killed a cyclops
  7559 | D:7      | Reached XP level 10. HP: 16/67 MP: 14/14
  7563 | D:7      | HP: 15/67 [orc/+0 whip (1)]
  7569 | D:7      | HP: 13/67 [bullfrog zombie (3)]
  7986 | D:7      | Reached skill level 5 in Invocations
  8064 | D:7      | Killed a two-headed ogre
  8217 | D:8      | Reached *** piety under Okawaru
  8229 | D:8      | Noticed Maurice
  8258 | D:8      | HP: 15/67 [disintegration (28)]
  8270 | D:8      | Killed Maurice
  8270 | D:8      | Reached skill level 12 in Long Blades
  8357 | D:8      | HP: 33/67 [something (2)]
  8549 | D:8      | Found a flagged portal.
  8697 | Bailey   | Entered a bailey
  8893 | Bailey   | HP: 26/67 [gnoll/+2 halberd of electrocution (9)]
  8909 | Bailey   | HP: 24/67 [hobgoblin/boomerang (1)]
  8918 | Bailey   | HP: 24/67 [gnoll/+0 halberd (2)]
  9190 | Bailey   | Noticed an orc knight
  9224 | Bailey   | Noticed a glowing orange brain
  9224 | Bailey   | an orc knight changed into a glowing orange brain
  9234 | Bailey   | Killed a glowing orange brain
  9398 | D:8      | Noticed a two-headed ogre
  9401 | D:8      | Noticed a moth of wrath
  9401 | D:8      | a two-headed ogre changed into a moth of wrath
  9411 | D:8      | Killed a moth of wrath
  9724 | D:8      | Noticed Psyche
  9738 | D:8      | Killed Psyche
  9738 | D:8      | Reached **** piety under Okawaru
  9872 | D:8      | Noticed Erica
  9892 | D:8      | Killed Erica
  9892 | D:8      | Reached skill level 13 in Long Blades
  9892 | D:8      | Reached XP level 11. HP: 44/72 MP: 15/15
 10254 | D:9      | Noticed an ice dragon
 10264 | D:9      | Noticed a fire dragon
 10264 | D:9      | Noticed an ice dragon
 10266 | D:9      | Found a runed translucent door.
 10267 | D:9      | Found the +2 shield of Resistance {rF+ rC+ MR+}
 10267 | D:9      | Noticed a fire dragon
 10281 | D:9      | Reached skill level 1 in Armour
 10338 | D:9      | Found a runed translucent gate.
 10339 | D:9      | Found a runed translucent gate.
 10442 | D:9      | Reached ***** piety under Okawaru
 10601 | D:9      | Noticed Enish's ghost (weakling FoAM)
 10603 | D:9      | Found a runed translucent gate.
 10603 | D:9      | Noticed a nine-headed hydra
 10631 | D:9      | Found a runed translucent door.
 10747 | D:9      | Reached skill level 2 in Armour
 10838 | D:9      | Killed Enish's ghost
 10842 | D:9      | Killed a five-headed hydra
 10842 | D:9      | Reached skill level 3 in Fighting
 10873 | D:10     | Entered Level 10 of the Dungeon
 10898 | D:10     | Reached skill level 3 in Armour
 10924 | D:10     | Found a staircase to the Lair.
 11135 | D:10     | Noticed an orc knight
 11139 | D:10     | HP: 36/75 [cyclops/large rock (4)]
 11145 | D:10     | HP: 26/75 [orc priest/divine providence[an orc knight]
                  | (11)]
 11146 | D:10     | Received a gift from Okawaru
 11155 | D:10     | HP: 21/76 [orc knight/+0 war axe (8)]
 11156 | D:10     | HP: 9/76 [orc knight/+0 war axe (12)]
 11158 | D:10     | Slain by an orc knight

Vanquished Creatures
  A hydra (D:9)
  Erica (D:8)
  A two-headed ogre (D:7)
  Pikel (D:3)
  A glowing orange brain (Bailey)
  2 cyclopes
  Maurice (D:8)
  A moth of wrath (D:8)
  Psyche (D:8)
  A hippogriff (D:9)
  A hornet (D:7)
  3 hogs (D:8)
  A yak (D:8)
  A human (D:8)
  A hungry ghost (D:10)
  2 wargs (D:10)
  3 orc warriors
  3 slaves (D:4)
  3 black bears
  5 sky beasts
  3 ogres
  An ice beast (D:9)
  6 centaurs
  A crocodile (D:7)
  7 bullfrogs
  A gnoll sergeant (D:6)
  A wyvern zombie (D:9)
  4 scorpions
  4 killer bees (D:7)
  A water moccasin skeleton (D:8)
  A wight (D:7)
  4 howler monkeys
  2 crimson imps
  A centaur zombie (D:6)
  A bullfrog zombie (D:7)
  A quasit (D:9)
  2 centaur skeletons
  6 hounds
  2 jellies (D:7)
  2 gnoll shamans (D:4)
  7 orc priests
  15 orc wizards
  2 iguanas
  12 worker ants
  2 hound skeletons
  A howler monkey zombie (D:5)
  A howler monkey skeleton (D:9)
  29 gnolls
  18 adders
  2 shadow imps
  3 oozes
  An adder zombie (D:6)
  4 adder skeletons
  6 worms
  The ghost of Enish the Vexing, a weakling FoAM (D:9)
  A dart slug (D:1)
  5 leopard geckos
  41 orcs
  3 ball pythons
  6 bats
  11 giant cockroaches
  9 goblins
  11 hobgoblins
  8 jackals
  20 kobolds
  10 quokkas
  9 frilled lizards
  A jackal skeleton (D:6)
  A leopard gecko skeleton (D:4)
  3 quokka skeletons
  14 rats
342 creatures vanquished.

Vanquished Creatures (others)
  A centaur (D:7)
  An orc (D:7)
  2 kobolds (Bailey)
  5 plants (D:9)
9 creatures vanquished.

Grand Total: 351 creatures vanquished

Table legend:
 A = Turns spent in this place as a percentage of turns spent in the entire game.
 B = Non-inter-level travel turns spent in this place as a percentage of non-inter-level travel turns spent in the entire game.
 C = Inter-level travel turns spent in this place as a percentage of turns spent in this place.
 D = Turns resting spent in this place as a percentage of non-inter-level travel turns spent in this place.
 E = Turns spent auto-exploring this place as a percentage of non-inter-level travel turns spent in this place.
 F = Non-inter-level travel turns spent in this place divided by the number of levels of this place that you've seen.
                   A       B       C       D       E      F
               +-------+-------+-------+-------+-------+----------------------
         Total | 100.0 | 100.0 |   4.6 |  34.0 |  42.3 | 819.1
       Dungeon |  86.0 |  86.0 |   4.6 |  34.4 |  41.7 | 915.2
        Temple |   3.1 |   2.6 |  18.8 |  22.0 |  75.5 | 277.0
         Sewer |   5.1 |   5.3 |   0.0 |  25.5 |  57.9 | 565.0
        Bailey |   5.9 |   6.1 |   0.0 |  40.5 |  23.4 | 654.0
               +-------+-------+-------+-------+-------+----------------------
